 Dungeon Crawl Stone Soup version 0.21-a0-584-g185da8e (webtiles) character file.

759 tsumetai the Sneak (level 7, -2/56 HPs)
             Began as a Vampire Assassin on Dec 20, 2017.
             Slain by a hound (3 damage)
             ... on level 6 of the Dungeon.
             The game lasted 00:10:38 (4889 turns).

tsumetai the Sneak (Vampire Assassin)               Turns: 4889, Time: 00:10:39

Health: -2/56      AC:  3    Str: 10    XL:     7   Next: 50%
Magic:  7/7        EV: 14    Int: 15    God:
Gold:   160        SH:  0    Dex: 18    Spells: 6/6 levels left

rFire    + . .     SeeInvis +   l - +1 dagger (venom)
rCold    + . .     Gourm    .   (no shield)
rNeg     + . .     Faith    .   c - +0 robe
rPois    .         Spirit   .   (no helmet)
rElec    .         Reflect  .   u - scarf {rC+ rF+}
rCorr    .         Harm     .   h - +0 pair of gloves
MR       .....                  (no boots)
Stlth    +++.......             (no amulet)
HPRegen  0.18/turn              (no ring)
MPRegen  0.10/turn              (no ring)

@: no status effects
A: fangs 3, talons 1, see invisible, clever 1, unbreathing
a: Bat Form


You were on level 6 of the Dungeon.
You were not thirsty.

You visited 1 branch of the dungeon, and saw 6 of its levels.

You collected 172 gold pieces.
You spent 12 gold pieces at shops.

Inventory:

Hand Weapons
 a - a +2 dagger
 b - a +0 blowgun
 l - a +1 dagger of venom (weapon)
Missiles
 e - a poisoned needle
 f - 2 curare-tipped needles
 n - 2 needles of sleeping
Armour
 c - a +0 robe (worn)
 h - a +0 pair of gloves (worn)
 u - a scarf of resistance (worn)
Scrolls
 k - a scroll of fear
 m - 3 scrolls of identify
 o - 2 scrolls of remove curse
Potions
 g - 2 potions of blood


   Skills:
 * Level 5.0 Fighting
 + Level 4.4 Short Blades
 + Level 2.0 Throwing
 + Level 2.8 Armour
 + Level 4.0 Dodging
 - Level 5.8 Stealth


You had 6 spell levels left.
You didn't know any spells.

Dungeon Overview and Level Annotations

Branches:
Dungeon (6/15)
 Temple: D:4-7

Altars:
Dithmenos
Hepliaklqana
Qazlal
Trog

Shops:
D:5 }!:


Innate Abilities, Weirdness & Mutations

You have razor-sharp teeth.
You have supernaturally acute eyesight. (SInv)
You can survive without breathing.
You have sharp toenails.
Your mind is acute. (Int +2)


Message History

The orc looks even sicker.
Firing (i - inventory. (,) - cycle):
e - 2 poisoned needles (quivered)
Press: ? - help, Shift-Dir - straight line, f - hound, p - orc
Aim: a hound You shoot a poisoned needle.
The poisoned needle hits the hound.
The hound is poisoned.
Wield which item (- for none, * to show all)? (? for menu, Esc to quit)
Your +1 dagger of venom begins to drip with poison!
l - a +1 dagger of venom (weapon)
The orc hits you with a whip.
* * * LOW HITPOINT WARNING * * *
The hound bites you.
* * * LOW HITPOINT WARNING * * *
The orc barely misses you. The hound bites you but does no damage.
The hound misses you. The hound closely misses you.
You hit the hound.
The hound looks even sicker.
You claw the hound.
The hound is heavily wounded.
The hound bites you.
You die...

*,,,,,,,,* **,,** **,,,
####++####.* *#.,* **,,,,
#.$......#.#* *#..**
*,,*,, *
#........#..#####..#*
*****, #*
#.....#..#.....#...# **
.#* #...$(...#........,* *
#.**#...?....#,.....#*,**
*
**,*#.h#.....###....#**,**
** **,#........##.@(.##
**,*** ***,
*,#........#.oh...#
**,,***,,,
**.####++####.O##..#
**,,,,***
**.(...((.)((..##*#.#
****** *,..#######...##
*,.# *,,** ##### *,*#
*,,** *,** *,,,*
*,,************* *,,,*
**,,,,,,,,,,,,,>


You could see an ogre, a hound and an orc.

Vanquished Creatures
  The ghost of mortelune the Conjurer, an amateur DEFE of Vehumet (D:4)
  A centaur (D:5)
  A scorpion (D:6)
  A crimson imp (D:4)
  3 hounds
  3 orc priests
  A jelly (D:5)
  A centaur skeleton (D:6)
  A worker ant (D:4)
  A hound skeleton (D:6)
  A worker ant zombie (D:5)
  6 adders
  2 oozes (D:3)
  An adder zombie (D:5)
  2 adder skeletons
  A worm (D:2)
  A dart slug (D:1)
  2 leopard geckos
  9 orcs
  5 giant cockroaches
  7 hobgoblins
  10 jackals
  A quokka (D:2)
  7 bats
  3 frilled lizards
  4 goblins
  7 kobolds
  3 rats (D:2)
86 creatures vanquished.

Notes
Turn   | Place    | Note
-------+----------+-------------------------------------------
     0 | D:1      | tsumetai the Vampire Assassin began the quest for the Orb.
     0 | D:1      | Reached XP level 1. HP: 16/16 MP: 1/1
   175 | D:1      | Reached XP level 2. HP: 20/22 MP: 2/2
  1035 | D:2      | Reached XP level 3. HP: 17/28 MP: 3/3
  1405 | D:2      | Reached skill level 1 in Armour
  1905 | D:3      | Reached XP level 4. HP: 34/34 MP: 4/4
  2293 | D:3      | Reached XP level 5. HP: 31/41 MP: 5/5
  2328 | D:3      | Found a hazy altar of Hepliaklqana.
  2638 | D:3      | Found a bloodstained altar of Trog.
  2878 | D:4      | Found a shadowy altar of Dithmenos.
  3100 | D:4      | Noticed mortelune's ghost (amateur DEFE)
  3120 | D:4      | Gained mutation: You have sharp toenails. [potion of mutation]
  3120 | D:4      | Gained mutation: Your mind is acute. (Int +2) [potion of mutation]
  3126 | D:4      | Killed mortelune's ghost
  3126 | D:4      | Reached XP level 6. HP: 20/48 MP: 6/6
  4221 | D:5      | Entered Level 5 of the Dungeon
  4223 | D:5      | Found Luatiq's Gadget Shoppe.
  4346 | D:5      | Found Wyarih's Book Boutique.
  4380 | D:5      | Found Moameo's Distillery.
  4393 | D:5      | Bought a potion of degeneration for 12 gold pieces
  4568 | D:5      | Reached XP level 7. HP: 35/55 MP: 7/7
  4726 | D:5      | Found a stormy altar of Qazlal.
  4864 | D:6      | Reached skill level 5 in Fighting
  4886 | D:6      | HP: 1/56 [hound (4)]
  4889 | D:6      | Slain by a hound

Vault maps used:
D:1:      eino_arrival_tree_alley
D:3:      lightli_temple_of_fire, nicolae_overflow_hidden_temple
D:4:      nicolae_dithmenos_the_darkroom
D:5:      kennysheep_mini, first_ration, serial_shops, shop, nicolae_shop_trees,
          nicolae_shop_statue_plus
D:6:      gup_sewer_entry_spiral, kennysheep_generic_room_7

Skill      XL: |  1  2  3  4  5  6  7 |
---------------+----------------------+-----
Fighting       | 2 3 4 5 |  5.0
Armour         | 1 2 |  2.8
Dodging        | 2 3 4 |  4.0
Short Blades   | 3 4 |  4.4
Throwing       | 2 |  2.0
Stealth        | |  5.8

Action                   |  1- 3 |  4- 6 |  7- 9 || total
-------------------------+-------+-------+-------++-------
Melee: Dagger            |   107 |   137 |    23 ||   267
       Bite              |     8 |    14 |     2 ||    24
       Kick              |       |    17 |     8 ||    25
 Fire: Blowgun           |       |       |     7 ||     7
  Use: Potion            |     1 |     5 |     2 ||     8
       Scroll            |       |     8 |     3 ||    11
 Stab: Sleeping          |     8 |     9 |     1 ||    18
       Distracted        |       |     1 |       ||     1
  Eat: Corpse            |     2 |     3 |     1 ||     6
Armor: Robe              |    19 |    11 |     4 ||    34
Dodge: Dodged            |    58 |    71 |    24 ||   153

Table legend:
 A = Spawn XP
 B = Non-spawn XP
 C = Spawn XP percentage of total XP
 D = Spawn monster count
 E = Non-spawn monster count
 F = Spawn count percentage of total count
 G = Total turns spent on level
                    A         B        C        D         E        F      G
               +---------+---------+-------+---------+---------+-------+---------
         Total |       0 |    1085 |   0.0 |       0 |      86 |   0.0 |  4889
               +---------+---------+-------+---------+---------+-------+---------
           D:1 |       0 |      24 |   0.0 |       0 |      14 |   0.0 |   908
           D:2 |       0 |      57 |   0.0 |       0 |      25 |   0.0 |   885
           D:3 |       0 |     157 |   0.0 |       0 |      22 |   0.0 |  1060
           D:4 |       0 |     313 |   0.0 |       0 |       8 |   0.0 |  1368
           D:5 |       0 |     234 |   0.0 |       0 |       9 |   0.0 |   601
           D:6 |       0 |     300 |   0.0 |       0 |       8 |   0.0 |    67
               +---------+---------+-------+---------+---------+-------+---------
